 Dungeon Crawl Stone Soup version 0.31-a0-1576-ga3383bade6 (webtiles) character file.

Game seed: 2451877352052214227

6885 tulseluper the Protected (level 10, -1/88 HPs)
             Began as a Minotaur Fighter on Jan 4, 2024.
             Was an Initiate of Ru.
             Succumbed to barbed spike wounds
             ... on level 9 of the Dungeon.
             The game lasted 00:53:05 (11334 turns).

tulseluper the Protected (Minotaur Fighter)        Turns: 11334, Time: 00:53:05

Health: -1/88      AC: 20    Str: 25    XL:     10   Next: 79%
Magic:  0/9        EV:  8    Int:  5    God:    Ru [......]
Gold:   1123       SH:  7    Dex: 10    Spells: 9/9 levels left

rFire   . . .        G - +5 morningstar (freeze)
rCold   . . .        z - +2 buckler
rNeg    . . .        I - +1 plate armour
rPois   .            (helmet restricted)
rElec   .            (no cloak)
rCorr   .            g - +1 pair of gloves
SInv    .            C - +0 pair of boots
Will    .....        (no amulet) Stlth
                     i - ring of flight
HPRegen 0.34/turn    (no ring)
MPRegen 0.11/turn

%: no passive effects
@: spiked, flying
A: horns 2, retaliatory headbutt
a: Renounce Religion, Sacrifice a Hand, Sacrifice Experience, Sacrifice
Resistance, Reject Sacrifices


You were on level 9 of the Dungeon.
You worshipped Ru.
Ru was noncommittal.
You visited 1 branch of the dungeon, and saw 9 of its levels.

You collected 1219 gold pieces.
You spent 96 gold pieces at shops.

Inventory:

Hand Weapons
 a - a +1 long sword of freezing
 o - a +1 hand axe of draining
 u - a +4 halberd
 v - a +2 bardiche of freezing
 w - a +0 short sword of holy wrath
 y - a +2 scimitar of draining
 D - the +5 short sword "Bokan" {vamp, rC- Will++ Stlth+}
   (You took it off a wight on level 8 of the Dungeon)

   rC-:       It makes you vulnerable to cold.
   Will++:    It greatly increases your willpower.
   Stlth+:    It makes you more stealthy.
 F - a +4 trident
 G - a +5 morningstar of freezing (weapon)
 J - a +0 halberd
 K - a +3 scimitar
 L - a +6 scimitar of freezing
Missiles
 l - 2 throwing nets
Armour
 b - a +2 scale mail
 c - a +0 buckler
 g - a +1 pair of gloves (worn)
 z - a +2 buckler (worn)
 B - +0 acid dragon scales
 C - a +0 pair of boots (worn)
 H - a +0 robe
 I - a +1 plate armour (worn)
Jewellery
 i - a ring of flight (left hand)
Talismans
 p - a maw talisman
 t - a flux talisman
 A - a serpent talisman
Wands
 m - a wand of polymorph (10)
Scrolls
 j - 2 scrolls of vulnerability
 r - a scroll of fear
 s - a scroll of fog
Potions
 d - 2 potions of curing
 f - a potion of brilliance
 h - 2 potions of ambrosia
 k - a potion of heal wounds
 n - 2 potions of degeneration
 q - 2 potions of mutation
 x - a potion of haste
 E - a potion of enlightenment


   Skills:
 + Level 7.8 Fighting
 + Level 8.9 Long Blades
 + Level 6.1 Maces & Flails
 + Level 4.2 Throwing
 + Level 11.0 Armour
 + Level 3.1 Dodging
 + Level 1.9 Stealth
 + Level 7.6 Shields
 + Level 4.1 Evocations


You had 9 spell levels left.
You didn't know any spells.
Your spell library contained the following spells:

 Spells                   Type           Power      Damage    Failure   Level
 Magic Dart               Conj           0%         1d3       99%         1
 Ensorcelled Hibernation  Hex/Ice        0%         N/A       100%        2
 Mercury Vapours          Alch/Air       0%         N/A       100%        2
 Searing Ray              Conj           0%         2d4       100%        2
 Call Canine Familiar     Summ           0%         N/A       100%        3
 Fugue of the Fallen      Necr           0%         N/A       100%        3
 Mephitic Cloud           Conj/Alch/Air  0%         N/A       100%        3
 Sigil of Binding         Hex            0%         N/A       100%        3
 Anguish                  Hex/Necr       0%         N/A       100%        4
 Dimensional Bullseye     Hex/Tloc       0%         N/A       100%        4
 Fulminant Prism          Conj/Alch      0%         3d5       100%        4
 Vhi's Electric Charge    Tloc/Air       0%         N/A       100%        4
 Arcjolt                  Conj/Air       0%         1d10      100%        5
 Freezing Cloud           Conj/Ice/Air   0%         6-21      100%        5
 Plasma Beam              Fire/Air       0%         2x1d10    100%        6


Dungeon Overview and Level Annotations

Branches:
Dungeon (9/15)             Temple (0/1) D:5
   Lair: D:8-11         Orc: D:9-12

Altars:
Ashenzari
Cheibriados
Elyvilon
Fedhas
Gozag
Hepliaklqana
Kikubaaqudgha
Makhleb
Qazlal
Ru
Uskayaw
Yredelemnul
Lugonu

Shops:
D:8 !

Portals:
Abyss: D:7


Innate Abilities, Weirdness & Mutations

You have a pair of horns on your head.
You reflexively headbutt those who attack you in melee.


Message History

Okay, then.
Unknown command.
You block the red devil's attack.
A red devil comes into view. It is wielding a +1 antimagic trident.
The red devil hits you from afar with a +0 trident!
Barbed spikes become lodged in your body.
Okay, then.
You feel better. The red devil closely misses you.
The barbed spikes dig painfully into your body as you move.
Unknown command.
You barely miss the red devil. Your headbutt misses the red devil.
The lava snake spits lava at you. The glob of lava hits you.
You block the red devil's attack.
You puncture the red devil! You freeze the red devil.
The red devil is severely wounded.
You block the red devil's attack.
The red devil hits you from afar with a +1 antimagic trident!
* * * LOW HITPOINT WARNING * * *
Barbed spikes become lodged in your body.
You feel your power leaking away.
The red devil hits you with a +0 trident.
* * * LOW HITPOINT WARNING * * *
Barbed spikes become lodged in your body.
You feel better. You block the red devil's attack.
The red devil barely misses you.
You sock the red devil! You freeze the red devil.
You kill the red devil!
The lava snake spits lava at you. The glob of lava hits you!
* * * LOW HITPOINT WARNING * * *
The red devil hits you from afar with a +1 antimagic trident!
* * * LOW HITPOINT WARNING * * *
Barbed spikes become lodged in your body.
You feel your power leaking away.
Your Maces & Flails skill increases to level 6!
Your Armour skill increases to level 11!
The barbed spikes dig painfully into your body as you move.
* * * LOW HITPOINT WARNING * * *
The barbed spikes dig painfully into your body as you move.
You die...

###################
......#............
......#.......... ..
......'.......... ...
......#....#.######+##...
......#..........#.......
#######.#.#.#.#..+.......
#.........@#......#
....#.#.#.#..#....≈≈.
..................≈(#
###..#.#.#.#..)..S##..
................≈#
....#.#.#.#..§.#(#
............≈..
..#.....§.≈##§§
..###+#.=..§ §≈§


There were no monsters in sight!

Vanquished Creatures
  A two-headed ogre (D:9)
  Pikel (D:7)
  An unseen horror (D:8)
  A red devil (D:9)
  A troll (D:9)
  A hornet (D:7)
  Prince Ribbit (D:9)
  A wyvern (D:9)
  11 yaks
  A steam dragon (D:8)
  An acid dragon (D:9)
  2 orc warriors
  2 ice beasts (D:7)
  2 centaurs
  2 lemures (D:6)
  2 bullfrogs (D:8)
  A gnoll sergeant (D:6)
  3 scorpions
  10 wights (D:8)
  9 killer bees (D:9)
  5 jellies
  5 bombardier beetles
  3 orc priests
  A gnoll bouda (D:8)
  A sleepcap (D:6)
  3 iguanas (D:5)
  4 orc wizards
  10 adders
  9 gnolls
  3 shadow imps
  A dart slug (D:3)
  3 ribbon worms
  21 orcs
  12 ball pythons
  2 bats (D:2)
  6 endoplasms
  4 giant cockroaches
  8 goblins
  6 hobgoblins
  14 jackals
  10 kobolds
  5 quokkas
  2 frilled lizards
  4 rats
196 creatures vanquished.

Vanquished Creatures (others)
  3 lurking horrors (D:7)
3 creatures vanquished.

Grand Total: 199 creatures vanquished

Notes
Turn   | Place    | Note
-------+----------+-------------------------------------------
     0 | D:1      | tulseluper the Minotaur Fighter began the quest for the
                  | Orb.
     0 | D:1      | Reached XP level 1. HP: 19/19 MP: 0/0
   180 | D:1      | Reached XP level 2. HP: 22/27 MP: 1/1
   244 | D:1      | Reached skill level 4 in Armour
   730 | D:1      | Reached XP level 3. HP: 33/33 MP: 2/2
   963 | D:2      | You are sucked into a shaft and drop 1 floor!
  1018 | D:3      | Found a sacrificial altar of Ru.
  1039 | D:3      | Reached XP level 4. HP: 24/40 MP: 3/3
  1337 | D:3      | Became a worshipper of Ru the Awakened
  1560 | D:3      | Found an opulent altar of Gozag.
  1627 | D:2      | Found a white marble altar of Elyvilon.
  1968 | D:2      | Found a faded altar of an unknown god.
  2013 | D:2      | Reached XP level 5. HP: 47/47 MP: 4/4
  3228 | D:3      | Found a burning altar of Makhleb.
  3484 | D:4      | Identified the +1 leather armour of the Minstrel {-Tele
                  | Rampage rPois Int+8}
  3756 | D:4      | Reached skill level 5 in Armour
  3756 | D:4      | Reached skill level 1 in Dodging
  3764 | D:4      | Reached skill level 1 in Throwing
  3764 | D:4      | Reached XP level 6. HP: 46/53 MP: 5/5
  3934 | D:4      | Identified 3 scrolls of acquirement
  3934 | D:4      | Acquired 634 gold pieces
  3939 | D:4      | Acquired a +2 bardiche of freezing
  3943 | D:4      | Acquired a +2 scimitar of draining
  4118 | D:4      | Reached skill level 5 in Long Blades
  4418 | D:5      | Entered Level 5 of the Dungeon
  4448 | D:5      | Found a staircase to the Ecumenical Temple.
  4742 | D:5      | Reached skill level 5 in Fighting
  4742 | D:5      | Reached XP level 7. HP: 61/61 MP: 6/6
  5084 | D:5      | Found a hazy altar of Hepliaklqana.
  5104 | D:5      | Found a stormy altar of Qazlal.
  5188 | D:5      | Found an ancient bone altar of Kikubaaqudgha.
  5193 | D:5      | Reached skill level 5 in Shields
  5506 | D:5      | Found a blossoming altar of Fedhas.
  5620 | D:6      | Reached skill level 1 in Evocations
  5916 | D:6      | Reached skill level 6 in Armour
  5916 | D:6      | Reached skill level 1 in Stealth
  6123 | D:6      | Found a basalt altar of Yredelemnul.
  6127 | D:6      | Found a broken altar of Ashenzari.
  6443 | D:7      | Reached XP level 8. HP: 69/69 MP: 7/7
  6908 | D:7      | Noticed a hornet
  6919 | D:7      | Paralysed by a hornet for 2 turns
  6921 | D:7      | Killed a hornet
  6922 | D:7      | Reached skill level 7 in Armour
  6927 | D:7      | Noticed Pikel
  7125 | D:7      | Found a hide-covered altar of Uskayaw.
  7352 | D:7      | Found a snail-covered altar of Cheibriados.
  7425 | D:7      | Found a one-way gate to the infinite horrors of the Abyss.
  7425 | D:7      | Found a corrupted altar of Lugonu.
  7766 | D:7      | Killed Pikel
  7767 | D:7      | Reached XP level 9. HP: 45/75 MP: 8/8
  8352 | D:8      | Identified the +5 short sword "Bokan" {vamp, rC- Will++
                  | Stlth+}
  8526 | D:8      | Reached skill level 8 in Armour
  8534 | D:8      | Found Venirgh's Distillery.
  8540 | D:8      | Bought a potion of heal wounds for 60 gold pieces
  8540 | D:8      | Bought a potion of curing for 36 gold pieces
  8570 | D:8      | Killed an unseen horror
  8805 | D:8      | Reached skill level 1 in Maces & Flails
  8882 | D:8      | Found a blossoming altar of Fedhas.
  8929 | D:8      | Reached skill level 9 in Armour
  9073 | D:7      | Reached XP level 10. HP: 18/84 MP: 9/9
 10205 | D:9      | Noticed Prince Ribbit
 10217 | D:9      | Reached skill level 10 in Armour
 10262 | D:9      | Killed Prince Ribbit
 10438 | D:9      | Reached skill level 5 in Maces & Flails
 11120 | D:9      | Noticed a two-headed ogre
 11130 | D:9      | Killed a two-headed ogre
 11333 | D:9      | Reached skill level 11 in Armour
 11333 | D:9      | HP: 4/88 [barbs]
 11334 | D:9      | Succumbed to barbed spike wounds

Illustrated notes

Levels and vault maps discovered:
D:1:      heliophobic_arrival_battle_scene, layout_basic
D:2:      layout_basic, basic_altar, ebering_ecumenical_altar_hall,
          minmay_pentomino_r2
D:3:      kennysheep_six_static_rooms, layout_loops_corners,
          mainiacjoe_overflow_brackets, nicolae_overflow_crystal_walls,
          lemuel_tele_altar, kennysheep_generic_room_9
D:4:      layout_gridville, minmay_close_crescents
D:5:      layout_basic, kennysheep_little_box, amcnicky_altar_gilded,
          temple_pool_b, hangedman_feature_mirror
D:6:      layout_gridville, mainiacjoe_overflow_catwalk_spiral,
          amcnicky_mini_rare_corridor_liquid
D:7:      layout_cave_pools, slow_altar_2, nicolae_uskayaw_suspiria,
          dreamdust_wishing_well, amcnicky_altar_lugonu_corruption,
          uniq_crazy_yiuf_cottage, uniq_pikel
D:8:      layout_cave_pools, kennysheep_mini_moat, serial_shops,
          nicolae_shop_rolling_square
D:9:      layout_grid_maze, serial_glass, glass_columns_a, glass_columns_b,
          glass_columns_a, glass_columns_b, glass_columns_a, glass_columns_b,
          glass_columns_c, glass_columns_b, minmay_strange_pillars,
          feat_on_display, due_unseen_surprise, nicolae_where_there's_smoke,
          uniq_grum, uniq_prince_ribbit1

Skill      XL: |  1  2  3  4  5  6  7  8  9 10 |
---------------+-------------------------------+-----
Armour         | 4 5 6 7 9 11 | 11.0
Shields        | 4 5 6 7 |  7.6
Long Blades    | 3 4 5 6 8 |  8.9
Fighting       | 4 5 6 7 |  7.8
Dodging        | 1 2 3 |  3.1
Throwing       | 1 2 3 4 |  4.2
Evocations     | 1 2 4 |  4.1
Stealth        | 1 |  1.9
Maces & Flails | 3 6 |  6.1

Action                     |  1- 3 |  4- 6 |  7- 9 | 10-12 || total
---------------------------+-------+-------+-------+-------++-------
  Melee: Long sword        |    68 |   150 |   184 |       ||   402
         Headbutt          |     9 |    28 |    42 |     8 ||    87
         Morningstar       |       |       |    44 |    90 ||   134
  Throw: Stone             |     7 |    16 |    12 |       ||    35
         Dart              |     1 |    13 |    27 |    12 ||    53
         Throwing net      |       |       |     3 |       ||     3
  Evoke: Wand              |       |     7 |    53 |       ||    60
    Use: Scroll            |     3 |    14 |    11 |     3 ||    31
         Potion            |     1 |       |     5 |     2 ||     8
   Stab: Invisible         |       |     1 |       |       ||     1
         Held in net/web   |       |       |     1 |       ||     1
 Armour: Scale mail        |    54 |   113 |   145 |       ||   312
         Plate armour      |       |       |    76 |   135 ||   211
  Dodge: Dodged            |    36 |    75 |   100 |    73 ||   284
  Block: Buckler           |    14 |    35 |    96 |    69 ||   214

Table legend: (Time is in decaauts)
 A = Elapsed time spent in this place.
 B = Non-inter-level travel time spent in this place.
 C = Inter-level travel time spent in this place.
 D = Time resting spent in this place.
 E = Time spent auto-exploring this place.
 F = Levels seen in this place.
 G = Mean time per level.
                   A        B        C        D        E       F      G
               +--------+--------+--------+--------+--------+-----+--------+
         Total |  11462 |  11223 |    239 |   4683 |   3760 |   9 | 1273.6 |
       Dungeon |  11462 |  11223 |    239 |   4683 |   3760 |   9 | 1273.6 |
               +--------+--------+--------+--------+--------+-----+--------+

Top non-repeatable levels by time:
     D:7: 2015 daAuts
     D:3: 1643 daAuts
     D:6: 1416 daAuts
     D:8: 1235 daAuts
     D:9: 1182 daAuts
     D:5: 1144 daAuts
     D:4: 1104 daAuts
     D:1: 890 daAuts
     D:2: 829 daAuts
